 Dungeon Crawl Stone Soup version 0.30-a0-782-ge64f9170bb (webtiles) character file.

Game seed: 8489703501651202573

7165 112233 the Thaumaturge (level 11, -3/75 HPs)
             Began as an Octopode Conjurer on Feb 25, 2023.
             Was an Initiate of Gozag.
             Hit by a large rock thrown by a cyclops (46 damage)
             ... on level 8 of the Dungeon.
             The game lasted 00:14:56 (12898 turns).

112233 the Thaumaturge (Octopode Conjurer)         Turns: 12898, Time: 00:14:57

Health: -3/75      AC:  1    Str:  6    XL:     11   Next: 11%
Magic:  19/24      EV: 15    Int: 31    God:    Gozag
Gold:   471        SH:  0    Dex: 11    Spells: 18/29 levels left

rFire   . . .      SeeInvis .    r - +2 dagger (venom)
rCold   . . .      Faith    .    (no shield)
rNeg    . . .      Spirit   .    (helmet restricted)
rPois   .          Reflect  .    v - amulet of magic regeneration
rElec   .          Harm     .    q - +6 ring of intelligence
rCorr   .          Rampage  .    (no ring)
Will    .....                    (no ring)
Stlth   +++                      (no ring)
HPRegen 0.32/turn                (no ring)
MPRegen 0.59/turn                (no ring)
                                 (no ring)
                                 (no ring)

@: no status effects
A: almost no armour, amphibious, 8 rings, camouflage 1, gelatinous body 1,
(nimble swimmer 1), tentacles
a: Renounce Religion, Potion Petition, Call Merchant, Bribe Branch


You were on level 8 of the Dungeon.
You worshipped Gozag.
Gozag was aware of your devotion.
You visited 2 branches of the dungeon, and saw 11 of its levels.

You collected 752 gold pieces.
You spent 98 gold pieces at shops.
You paid 183 gold pieces to Gozag.

Inventory:

Hand Weapons
 l - a +3 whip
 r - a +2 dagger of venom (weapon)
Armour
 p - an orb of mayhem
Jewellery
 q - a +6 ring of intelligence (left tentacle)
 v - an amulet of magic regeneration (around mantle)
Wands
 a - a wand of roots (22)
Scrolls
 b - a scroll of teleportation
 d - a scroll of brand weapon {unknown}
 e - 3 scrolls of magic mapping
 g - a scroll of silence
 i - a scroll of enchant armour
 j - 2 scrolls of enchant weapon
 k - a scroll of blinking
 s - a scroll of amnesia
 u - 2 scrolls of vulnerability {unknown}
 x - a scroll of acquirement {unknown}
 y - 2 scrolls of poison {unknown}
 C - a scroll of fog {unknown}
 D - a scroll of immolation {unknown}
Potions
 c - 3 potions of lignification
 f - a potion of brilliance {unknown}
 h - a potion of haste {unknown}
 m - 2 potions of mutation {unknown}
 n - a potion of degeneration {unknown}
 o - 2 potions of ambrosia {unknown}
 t - 2 potions of flight {unknown}
 w - a potion of cancellation {unknown}
 z - a potion of heal wounds {unknown}
 A - 4 potions of attraction {unknown}
 B - a potion of curing {unknown}


   Skills:
 + Level 7.1 Fighting
 + Level 7.9 Dodging
 - Level 4.4 Stealth
 * Level 9.9 Spellcasting
 + Level 8.6 Conjurations


You had 18 spell levels left.
You knew the following spells:

 Your Spells              Type           Power      Damage    Failure   Level
a - Magic Dart            Conj           100%       1d8       1%          1
b - Searing Ray           Conj           100%       2d8       1%          2
c - Fulminant Prism       Conj/Hex       21%        3d12      5%          4
d - Iskenderun's Mystic   Conj/Tloc      42%        2d10      5%          4

Your spell library contained the following spells:

 Spells                   Type           Power      Damage    Failure   Level
 Dazzling Flash           Conj/Hex       84%        N/A       1%          3
 Stone Arrow              Conj/Erth      84%        3d12      1%          3
 Beastly Appendage        Tmut           30%        N/A       3%          1
 Sandblast                Erth           30%        2d9       3%          1
 Ensorcelled Hibernation  Hex/Ice        30%        N/A       4%          2
 Passwall                 Tmut/Erth      12%        N/A       4%          2
 Wereblood                Tmut           15%        N/A       4%          2
 Kindle Blastsparks       Fire/Tloc/Air  30%        2d12      10%         3
 Spider Form              Tmut/Pois      15%        N/A       10%         3
 Anguish                  Hex/Necr       7%         N/A       32%         4
 Lee's Rapid Deconstruct  Erth           7%         3d7*      67%         5


Dungeon Overview and Level Annotations

Branches:
Dungeon (10/15)            Temple (1/1) D:7            Lair (0/5) D:10
    Orc: D:9-12

Altars:
Ashenzari
Cheibriados
Dithmenos
Elyvilon
Fedhas
Gozag
Hepliaklqana
Kikubaaqudgha
Makhleb
Nemelex Xobeh
Okawaru
Ru
Sif Muna
Trog
Uskayaw
Vehumet
Wu Jian
Xom
Yredelemnul
Zin
The Shining One

Shops:
D:5 [*   D:8 *

Annotations:
D:2 exclusion: downstairs
D:3 exclusion: downstairs
D:4 3 runed translucent doors, BRD's ghost, amateur BaRe
D:5 exclusion: upstairs
D:6 1 runed translucent door, Crazy Yiuf
D:7 exclusion: downstairs
D:8 Gastronok
D:9 exclusion: upstairs


Innate Abilities, Weirdness & Mutations

You cannot wear most types of armour.
You are amphibious.
You can wear up to eight rings at the same time.
Your skin changes colour to match your surroundings (Stealth+).
Your rubbery body absorbs attacks. (AC +1, EV +1)
((You are camouflaged when in or above water. (Stealth+)))
You have tentacles for arms and can constrict up to eight enemies at once.


Message History

You see here a +0 shortbow.
Things that are here:
a +0 scale mail; a +0 trident
There is a stone staircase leading down here.
You climb downwards.
Level annotation: Gastronok
There is a stone staircase leading up here.
Unknown command.
(D) Dungeon (T) Temple (L) Lair
Where to? (Enter - D:8, ? - help) Gastronok is nearby!
Casting: Fulminant Prism (dangerous; 5% risk of failure)
Confirm with . or Enter, or press ? or * to list all spells.
Aiming: Fulminant Prism (dangerous; 5% risk of failure)
Press: ? - help, Dir - move target
Okay, then.
Casting: Fulminant Prism (dangerous; 5% risk of failure)
Confirm with . or Enter, or press ? or * to list all spells.
Aiming: Fulminant Prism (dangerous; 5% risk of failure)
Press: ? - help, Dir - move target You conjure a prism of explosive energy!
The cyclops shouts!
A fulminant prism comes into view.
The cyclops throws a large rock.
The large rock hits you!!
Your fulminant prism crackles loudly.
Your fulminant prism explodes!
The blast of energy engulfs the cyclops!!
The cyclops is moderately wounded.
Unknown command.
Casting: Fulminant Prism (dangerous; 5% risk of failure)
Confirm with . or Enter, or press ? or * to list all spells.
Aiming: Fulminant Prism (dangerous; 5% risk of failure)
Press: ? - help, Dir - move target You conjure a prism of explosive energy!
A fulminant prism comes into view.
Your fulminant prism crackles loudly.
The cyclops throws a large rock.
The large rock hits you!!!
Ouch! That really hurt!
You die...
Your body crumbles into a pile of gold.

####....#.....)...(.........##...
####...............≈.≈≈≈.≈..#####
#....##............≈.....≈..#
..##.##............≈C._..≈..#
...#.##....##......≈.....≈..#
.###....[..##......≈*≈≈≈.≈..#
###.......##........[......###
###.#......####....≈≈≈≈≈≈≈.#.#
....##......# #.@..).........##
...###......# #.#.............#
...######...# ###.............#
....####..#####.#.##...#.....##
....#...........#..#...#######
.......###..#......##.##
............#...#..##.#
............#...#...<.#
........##......#.....#


You could see a cyclops (ally target) and a friendly fulminant prism.

Vanquished Creatures
  Prince Ribbit (D:8)
  Eustachio (D:6)
  15 yaks
  9 humans (D:7)
  2 steam dragons
  Menkaure (D:6)
  4 water moccasins
  Duvessa (D:4)
  An orc warrior (D:6)
  2 ice beasts
  3 black bears
  An ogre (D:5)
  5 centaurs
  2 kobold brigands (D:6)
  Blork the orc (D:4)
  A bullfrog (D:8)
  2 necrophages
  A scorpion (D:7)
  5 wights (D:6)
  Dowan (D:4)
  3 killer bees (D:7)
  6 hounds
  2 jellies (D:7)
  4 orc priests
  Ijyb (D:4)
  2 iguanas
  3 orc wizards
  5 adders
  2 worms
  2 dart slugs
  25 orcs
  11 endoplasms
  A giant cockroach (D:2)
  4 goblins
  13 hobgoblins
  6 jackals
  3 quokkas
  8 ball pythons
  6 bats
  3 frilled lizards
  26 kobolds
  4 rats
199 creatures vanquished.

Vanquished Creatures (others)
  24 fulminant prisms
24 creatures vanquished.

Grand Total: 223 creatures vanquished

Notes
Turn   | Place    | Note
-------+----------+-------------------------------------------
     0 | D:1      | 112233 the Octopode Conjurer began the quest for the Orb.
     0 | D:1      | Reached XP level 1. HP: 11/11 MP: 3/3
   280 | D:1      | Reached XP level 2. HP: 12/17 MP: 5/5
   383 | D:1      | Learned a level 2 spell: Searing Ray
   942 | D:1      | Reached XP level 3. HP: 20/21 MP: 1/6
  1021 | D:1      | Found a faded altar of an unknown god.
  1802 | D:2      | Reached XP level 4. HP: 27/27 MP: 5/7
  2708 | D:3      | Reached XP level 5. HP: 31/31 MP: 0/9
  3384 | D:4      | Noticed Ijyb
  3621 | D:4      | Learned a level 4 spell: Fulminant Prism
  3684 | D:4      | Noticed Dowan
  3685 | D:4      | Noticed Duvessa
  3688 | D:5      | Entered Level 5 of the Dungeon
  3699 | D:5      | Reached skill level 3 in Spellcasting
  3828 | D:5      | Reached skill level 1 in Fighting
  3828 | D:5      | Reached XP level 6. HP: 38/38 MP: 7/11
  4040 | D:6      | Reached skill level 5 in Conjurations
  4129 | D:6      | Noticed Menkaure
  4132 | D:6      | Killed Menkaure
  4133 | D:6      | Reached skill level 4 in Spellcasting
  4133 | D:6      | Reached XP level 7. HP: 44/44 MP: 7/13
  4133 | D:6      | Noticed Eustachio
  4374 | D:5      | Found Suublasu's Armour Shop.
  4877 | D:5      | Found Sutrisk's Serpentskin Sales.
  5067 | D:4      | Found a runed translucent gate.
  5067 | D:4      | Found a runed translucent gate.
  5067 | D:4      | Found a runed translucent gate.
  5068 | D:4      | Noticed BRD's ghost (amateur BaRe)
  5091 | D:4      | Noticed Blork the orc
  5097 | D:4      | Killed Blork the orc
  5592 | D:5      | Reached skill level 5 in Spellcasting
  5592 | D:5      | Reached XP level 8. HP: 43/52 MP: 6/15
  5935 | D:4      | You fall into a shaft and drop 2 floors!
  6149 | D:6      | Killed Eustachio
  6425 | D:6      | Found a runed translucent door.
  6426 | D:6      | Noticed Crazy Yiuf
  6653 | D:6      | Found a snail-covered altar of Cheibriados.
  6653 | D:6      | Found a hazy altar of Hepliaklqana.
  6654 | D:6      | Found an ornate altar of the Wu Jian Council.
  6917 | D:6      | Reached skill level 5 in Dodging
  7141 | D:6      | Reached skill level 6 in Spellcasting
  7825 | D:7      | You fall into a shaft and drop 3 floors!
  7825 | D:10     | Entered Level 10 of the Dungeon
  8024 | D:8      | Noticed a yak
  8024 | D:8      | Noticed a yak
  8024 | D:8      | Noticed a yak
  8063 | D:8      | Found Weoffe's Assorted Antiques.
  8180 | D:7      | Reached XP level 9. HP: 58/58 MP: 14/18
  8185 | D:7      | Learned a level 4 spell: Iskenderun's Mystic Blast
  8498 | D:6      | Reached skill level 7 in Spellcasting
  9030 | D:6      | Reached skill level 5 in Fighting
  9607 | D:6      | Found a shimmering altar of Xom.
  9800 | D:4      | Killed Ijyb
  9849 | D:4      | Killed Duvessa
  9851 | D:4      | Killed Dowan
 10272 | D:6      | Reached skill level 8 in Spellcasting
 10272 | D:6      | Reached XP level 10. HP: 33/67 MP: 4/22
 11215 | D:7      | Found a staircase to the Ecumenical Temple.
 11421 | Temple   | Entered the Ecumenical Temple
 11606 | Temple   | Became a worshipper of Gozag Ym Sagoz the Greedy
 11724 | D:7      | Reached skill level 9 in Spellcasting
 12184 | D:8      | Bought a blue potion for 23 gold pieces
 12184 | D:8      | Bought a blue potion for 23 gold pieces
 12184 | D:8      | Bought a scroll of identify for 52 gold pieces
 12295 | D:8      | Reached XP level 11. HP: 74/74 MP: 16/24
 12332 | D:8      | Found a sparkling altar of Nemelex Xobeh.
 12532 | D:8      | Noticed Prince Ribbit
 12539 | D:8      | Killed Prince Ribbit
 12597 | D:8      | Noticed Gastronok
 12617 | D:8      | Noticed a two-headed ogre
 12619 | D:8      | Noticed a cyclops
 12898 | D:8      | Hit by a large rock thrown by a cyclops

Illustrated notes

Levels and vault maps discovered:
D:1:      lemuel_arrival_muddy, layout_loops_corners,
          shapermc_ecumenical_altar_flowoftime
D:2:      layout_basic
D:3:      layout_rooms
D:4:      layout_rooms, gammafunk_ghost_necromancy, uniq_ijyb, uniq_duvessa,
          uniq_blork_the_orc
D:5:      layout_cave_pods, serial_shops, nicolae_shop_waterfront,
          guppyfry_shop_venom
D:6:      layout_loops_ring, gammafunk_temple_overflow_claw,
          kennysheep_mini_moat, kennysheep_decorative_pillar, uniq_menkaure,
          uniq_eustachio, uniq_crazy_yiuf_cottage
D:7:      erik_cavepeople, layout_basic, minmay_temple_entry_wispy,
          serial_glass, glass_columns_a, glass_columns_a
D:8:      layout_cave_pools, mainiacjoe_overflow_cross_hatched, serial_shops,
          nicolae_shop_waterfront, small_chamber_with_monster,
          uniq_prince_ribbit1, uniq_gastronok
D:9:      layout_basic, general_overflow_altar
D:10:     layout_cave_pods, erik_lair_island
Temple:   eino_temple_rhombus

Skill      XL: |  1  2  3  4  5  6  7  8  9 10 11 |
---------------+----------------------------------+-----
Stealth        | 3 4 |  4.4
Dodging        | 3 4 5 6 7 |  7.9
Spellcasting   | 3 4 5 6 8 9 |  9.9
Fighting       | 1 3 4 5 6 7 |  7.1
Conjurations   | 5 6 7 8 |  8.6

Action                     |  1- 3 |  4- 6 |  7- 9 | 10-12 || total
---------------------------+-------+-------+-------+-------++-------
  Melee: Unarmed           |    22 |       |       |       ||    22
         Tentacles         |     9 |     1 |     1 |     6 ||    17
         Constrict         |     3 |     1 |       |     1 ||     5
         Whip              |       |     4 |       |       ||     4
         Dagger            |       |     1 |     7 |    20 ||    28
   Cast: Magic Dart        |    55 |    90 |   108 |    55 ||   308
         Searing Ray       |       |     5 |    58 |    19 ||    82
         Fulminant Prism   |       |       |     7 |    18 ||    25
         Iskenderun's Myst |       |       |     1 |     6 ||     7
  Evoke: Wand              |       |       |       |     2 ||     2
    Use: Scroll            |       |     1 |     9 |     1 ||    11
         Potion            |       |       |     1 |       ||     1
   Stab: Sleeping          |     3 |       |       |     1 ||     4
 Armour: Skin              |       |     4 |     7 |     5 ||    16
  Dodge: Dodged            |    10 |     8 |    76 |    62 ||   156

Table legend: (Time is in decaauts)
 A = Elapsed time spent in this place.
 B = Non-inter-level travel time spent in this place.
 C = Inter-level travel time spent in this place.
 D = Time resting spent in this place.
 E = Time spent auto-exploring this place.
 F = Levels seen in this place.
 G = Mean time per level.
                   A        B        C        D        E       F      G
               +--------+--------+--------+--------+--------+-----+--------+
         Total |  12927 |  11777 |   1150 |   2852 |   7537 |  11 | 1175.2 |
       Dungeon |  12725 |  11617 |   1108 |   2852 |   7390 |  10 | 1272.5 |
        Temple |    201 |    160 |     41 |      0 |    147 |   1 |  201.0 |
               +--------+--------+--------+--------+--------+-----+--------+

Top non-repeatable levels by time:
     D:6: 3699 daAuts
     D:7: 2010 daAuts
     D:5: 1618 daAuts
     D:1: 1324 daAuts
     D:2: 1273 daAuts
     D:3: 985 daAuts
     D:4: 962 daAuts
     D:8: 624 daAuts
  Temple: 201 daAuts
     D:9: 180 daAuts
    D:10: 45 daAuts
